Map: Torches LE

Players

ByuN

  • Race: Terran Terran
  • Spawn Location: 5:00

Zoun - Winner!

  • Race: Protoss Protoss
  • Spawn Location: 1:00

Event: Esports World Cup 2025

VOD

Have the link to the VOD?

Description

Time

  • Played on: July 23, 2025, 5:02 a.m.
  • Length: 3:00

All games in this series

Show
View Real Time Build Order
Export as new Build Order

ByuN Terran 

Build Orders:  

Get SALT Encoding   

  12  0:00  SCV  
  13  0:12  SCV  
  14  0:17  Supply Depot  
  14  0:24  SCV  
  15  0:39  SCV  
  15  0:40  Barracks  
  16  0:44  Refinery  
  16  0:51  SCV  
  17  1:03  Engineering Bay, SCV  
  18  1:15  SCV  
  19  1:27  Orbital Command, Marine  
  20  1:54  Command Center  
  20  1:57  SCV  
  21  2:08  Factory  
  21  2:10  SCV  
  22  2:16  Barracks Reactor  
  22  2:19  Supply Depot  
  22  2:22  SCV  
  23  2:27  Refinery  
  23  2:40  SCV  
  24  2:46  Bunker  
Show
View Real Time Build Order
Export as new Build Order

Zoun Protoss - Winner!

Build Orders:  

Get SALT Encoding   

  12  0:00  Probe  
  13  0:12  Probe  
  14  0:24  Probe  
  15  0:29  Pylon  
  15  0:47  Probe  
  15  0:48  Gateway  
  15  0:49  Gateway  
  16  0:59  Probe, Assimilator  
  17  1:10  Pylon  
  17  1:11  Probe  
  18  1:24  Probe  
  19  1:36  Cybernetics Core  
  19  1:37  Zealot  
  19  1:39  Zealot  
  23  1:43  Probe  
  24  1:55  Probe  
  24  2:01  Stalker x2  
  26  2:08  Probe  
  30  2:17  Pylon  
  30  2:25  Adept  
  30  2:28  Shield Battery  
Tags
 
Add a new tag
Caveats
  • Supply blocks, unpowered buildings, or Contaminate may cause inaccurate times.
  • Supply counts are checked every 10 seconds.